 Dungeon Crawl Stone Soup version 0.28-a0-863-g8cecda6153 (webtiles) character file.

Game seed: 12718908605598236855

286782 wakim the Brawler (level 19, -11/197 HPs)
             Began as a Troll Monk on Nov 16, 2021.
             Was an Initiate of Gozag.
             Mangled by a deep troll (13 damage)
             ... while paralysed by a floating eye
             ... on level 2 of the Depths on Nov 17, 2021.
             The game lasted 02:58:10 (46538 turns).

wakim the Brawler (Troll Monk)                     Turns: 46538, Time: 02:58:10

Health: -11/197    AC: 24    Str: 26    XL:     19   Next: 84%
Magic:  18/18      EV:  1    Int: 13    God:    Gozag
Gold:   4352       SH:  0    Dex: 20    Spells: 18/18 levels left

rFire   . . .      SeeInvis .     - Unarmed
rCold   + . .      Faith    .   K - +1 kite shield {AC+3}
rNeg    . . .      Spirit   .   q - +0 ice dragon scales "Ryirarcha" {rF- rC++ Dex+2}
rPois   +          Reflect  .   m - +2 hat
rElec   .          Harm     .   D - +2 cloak {rPois}
rCorr   .          Rampage  .   (gloves unavailable)
Will    +++..      Rage     1%  (boots unavailable)
Stlth   ..........              f - amulet "Wacyemoytu" {Regen+ Str+2 Int+4}
HPRegen 2.42/turn               a - ring of fire
MPRegen 0.16/turn               C - ring of the Mage {Wiz Will++ Int+3}

@: paralysed, gold aura, studying 2 skills
A: large, unfitting armour, claws 3, regeneration 1, shaggy fur 1, tough skin 1,
berserk 1
}: 2/15 runes: decaying, serpentine
a: Renounce Religion, Potion Petition, Call Merchant, Bribe Branch


You were on level 2 of the Depths.
You worshipped Gozag.
Gozag was most pleased with you.
You visited 7 branches of the dungeon, and saw 34 of its levels.
You also visited: Ice Cave.

You collected 16516 gold pieces.
You spent 5806 gold pieces at shops.
You paid 6358 gold pieces to Gozag.

Inventory:

Hand Weapons
 p - the +7 morningstar "Teelaul" {speed, rPois rN+ rCorr Str+4}
   (You took it off a tengu warrior on level 2 of the Depths)

   Attacks with this weapon are significantly faster.
   Str:       It affects your strength (+4).
   rPois:     It protects you from poison.
   rN:        It protects you from negative energy.
   rCorr:     It protects you from acid and corrosion.
Missiles
 c - 8 boomerangs
 e - 8 curare-tipped darts {=f}
 g - 3 silver javelins
 h - 6 silver boomerangs
 j - a boomerang of dispersal {=f!f}
 n - 198 poisoned darts
 o - 19 javelins
 s - 6 atropa-tipped darts
 A - 58 large rocks (quivered) {=f}
 S - 3 datura-tipped darts
Armour
 m - a +2 hat (worn)
 q - the +0 ice dragon scales "Ryirarcha" (worn) {rF- rC++ Dex+2}
   (You found it in an ice cave)

   Dex:       It affects your dexterity (+2).
   rF:        It makes you vulnerable to fire.
   rC:        It greatly protects you from cold.
 D - a +2 cloak of poison resistance (worn)
 K - a +1 kite shield of protection (worn)
 V - the +7 faerie dragon scales {Will+ rCorr Slay+3}
   (You took it off the Enchantress on level 2 of the Depths)

   Slay:      It affects your accuracy & damage with ranged weapons and melee
   (+3).
   rCorr:     It protects you from acid and corrosion.
   Will:      It increases your willpower.
Jewellery
 a - a ring of fire (left claw)
 b - a ring of see invisible
 d - a ring of flight
 f - the amulet "Wacyemoytu" (around neck) {Regen+ Str+2 Int+4}
   (You bought it in a shop on level 12 of the Dungeon)

   [amulet of regeneration]

   Str:       It affects your strength (+2).
   Int:       It affects your intelligence (+4).
   Regen:     It increases your rate of health regeneration.
 i - a ring of resist corrosion
 r - a ring of protection from cold
 C - the ring of the Mage (right claw) {Wiz Will++ Int+3}
   (You bought it in a shop on level 12 of the Dungeon)

   [ring of wizardry]

   It improves your spell success rate.
   Int:       It affects your intelligence (+3).
   Will:      It greatly increases your willpower.
 G - an amulet of magic regeneration
Wands
 t - a wand of digging (10)
 u - a wand of mindburst (11)
 v - a wand of flame (68)
 w - a wand of acid (18)
 x - a wand of iceblast (7)
 y - a wand of paralysis (29)
 z - a wand of polymorph (8)
Scrolls
 k - 4 scrolls of enchant armour
 Q - a scroll of acquirement
 R - 4 scrolls of magic mapping {!r}
 T - 10 scrolls of teleportation
 U - 6 scrolls of fear
 W - 3 scrolls of holy word
 X - a scroll of fog
 Y - 4 scrolls of blinking {!r}
 Z - a scroll of silence {!r}
Potions
 B - 5 potions of attraction {!q}
 E - 2 potions of cancellation
 F - 13 potions of curing
 H - 10 potions of haste
 I - 3 potions of invisibility
 J - 8 potions of heal wounds
 L - 5 potions of lignification {!q}
 M - 3 potions of mutation {!q}
 N - 2 potions of might
 O - 4 potions of resistance
Miscellaneous
 l - a condenser vane
 P - a box of beasts


   Skills:
 + Level 14.3 Fighting
 - Level 16.0 Throwing
 + Level 11.8 Armour
 - Level 9.0 Dodging
 - Level 1.0 Stealth
 - Level 9.0 Shields
 + Level 20.9 Unarmed Combat
 + Level 5.3 Evocations


You had 18 spell levels left.
You didn't know any spells.
Your spell library contained the following spells:

 Spells                   Type           Power      Damage    Failure   Level
 Foxfire                  Conj/Fire      0%         2x1d4     26%         1
 Freeze                   Ice            0%         1d3       26%         1
 Shock                    Conj/Air       0%         1d3       26%         1
 Slow                     Hex            0%         N/A       26%         1
 Blink                    Tloc           0%         N/A       38%         2
 Ensorcelled Hibernation  Hex/Ice        0%         N/A       38%         2
 Passwall                 Tmut/Erth      0%         N/A       38%         2
 Confusing Touch          Hex            0%         N/A       58%         3
 Dazzling Flash           Conj/Hex       0%         N/A       58%         3
 Frozen Ramparts          Ice            0%         1d2       58%         3
 Gell's Gravitas          Tloc           0%         N/A       58%         3
 Lesser Beckoning         Tloc           0%         N/A       58%         3
 Ozocubu's Armour         Ice            0%         N/A       58%         3
 Portal Projectile        Hex/Tloc       0%         N/A       58%         3
 Stone Arrow              Conj/Erth      0%         3d7       58%         3
 Swiftness                Air            0%         N/A       58%         3
 Teleport Other           Tloc           0%         N/A       58%         3
 Tukima's Dance           Hex            0%         N/A       58%         3
 Vampiric Draining        Necr           0%         2d6       58%         3
 Airstrike                Air            0%         N/A       92%         4
 Animate Armour           Summ/Erth      0%         N/A       92%         4
 Fulminant Prism          Conj/Hex       0%         3d6       92%         4
 Hailstorm                Conj/Ice       0%         3d3       92%         4
 Iskenderun's Mystic Bla  Conj/Tloc      0%         2d3       92%         4
 Passage of Golubria      Tloc           0%         N/A       92%         4
 Petrify                  Tmut/Erth      0%         N/A       92%         4
 Summon Ice Beast         Ice/Summ       0%         N/A       92%         4
 Summon Lightning Spire   Summ/Air       0%         N/A       92%         4
 Agony                    Necr           0%         N/A       99%         5
 Blade Hands              Tmut           0%         N/A       99%         5
 Excruciating Wounds      Necr           0%         N/A       99%         5
 Freezing Cloud           Conj/Ice/Air   0%         6-21      99%         5
 Lee's Rapid Deconstruct  Erth           0%         3d5*      99%         5
 Lightning Bolt           Conj/Air       0%         1d11      99%         5
 Manifold Assault         Tloc           0%         N/A       99%         5
 Metabolic Englaciation   Hex/Ice        0%         N/A       99%         5
 Silence                  Hex/Air        0%         N/A       99%         5
 Summon Forest            Summ/Tloc      0%         N/A       99%         5
 Summon Mana Viper        Hex/Summ       0%         N/A       99%         5
 Yara's Violent Unravell  Hex/Tmut       0%         3d3       99%         5
 Dispersal                Tloc           0%         N/A       100%        6
 Statue Form              Tmut/Erth      0%         N/A       100%        6
 Summon Cactus Giant      Summ           0%         N/A       100%        6
 Ozocubu's Refrigeration  Ice            0%         4d5       100%        7
 Storm Form               Tmut/Air       0%         N/A       100%        7
 Disjunction              Tloc           0%         N/A       100%        8
 Lehudib's Crystal Spear  Conj/Erth      0%         10d2      100%        8


Dungeon Overview and Level Annotations

Branches:
Dungeon (15/15)            Temple (1/1) D:6            Lair (6/6) D:11
  Swamp (4/4) Lair:2        Snake (4/4) Lair:4        Slime (0/5) Lair:6
    Orc (2/2) D:11            Elf (0/3) Orc:2        Vaults (0/5) D:14
 Depths (2/4) D:15          IceCv (visited)

Altars:
Ashenzari
Cheibriados
Dithmenos
Elyvilon
Fedhas
Gozag
Hepliaklqana
Kikubaaqudgha
Makhleb
Nemelex Xobeh
Okawaru
Qazlal
Ru
Sif Muna
Trog
Uskayaw
Vehumet
Wu Jian
Xom
Yredelemnul
Zin
The Shining One
Beogh
Jiyva

Shops:
D:3 *:   D:12 =   Orc:2 (:*(   Lair:2 *!   Lair:3 [   Snake:2 (?*[
Snake:4 ![?=

Portals:
Hell: Depths:1
Pandemonium: Depths:2
Trove: D:10 (give +2 shadow dragon scales)

Annotations:
Snake:3 3 runed translucent doors, exclusion: 3 doors, Zibatyor's ghost, journeyman MiFi
Snake:4 4 exclusions


Innate Abilities, Weirdness & Mutations

You are too large for most types of armour.
You have claws for hands.
Your natural rate of healing is unusually fast.
You are covered in fur. (AC +1)
You have tough skin. (AC +1)
You tend to lose your temper in combat.


Message History

The deep troll earth mage claws you but does no damage. x2
The frost giant hits you with a +4 battleaxe of freezing!!
* * * LOW HITPOINT WARNING * * *
The deep troll bites you but does no damage.
The deep troll claws you!
* * * LOW HITPOINT WARNING * * *
The deep troll claws you.
* * * LOW HITPOINT WARNING * * *
The rakshasa hits you but does no damage.
The floating eye seems to glare at you. The deep troll earth mage bites you!
* * * LOW HITPOINT WARNING * * *
The deep troll earth mage claws you but does no damage. x2
The frost giant hits you with a +4 battleaxe of freezing!!
* * * LOW HITPOINT WARNING * * *
The frost giant freezes you.
* * * LOW HITPOINT WARNING * * *
The deep troll bites you!
* * * LOW HITPOINT WARNING * * *
The deep troll claws you but does no damage. x2
The rakshasa blinks!
The deep troll earth mage bites you.
* * * LOW HITPOINT WARNING * * *
The deep troll earth mage claws you but does no damage.
The deep troll earth mage claws you.
* * * LOW HITPOINT WARNING * * *
The frost giant hits you with a +4 battleaxe of freezing!
* * * LOW HITPOINT WARNING * * *
The frost giant freezes you.
* * * LOW HITPOINT WARNING * * *
The deep troll bites you!
* * * LOW HITPOINT WARNING * * *
The deep troll claws you but does no damage. x2
The deep troll earth mage bites you but does no damage.
The deep troll earth mage claws you but does no damage. x2
The frost giant gestures at you while chanting.
The bolt of cold hits you! You resist.
* * * LOW HITPOINT WARNING * * *
The deep troll bites you!
You die...
Your body crumbles into a pile of gold.

.....#........## ####
..... #.......#
#...##... ########.##
#.......###....###..#
#.......#........##.#
####......)##''##).#.#
#..##..G..##....##.#.#
#...#.GCT.#}.....#.#.#
#..[.#T@$.#......#)#.#
##........#......#)#.#
#........'#......#)#)##
#.........##.∩..##))..#
#.....#...R######...#.#
#...................#.#
#..(...#####.#####..#.#
#......# ## ##.#.#
###.#.## #...#


You could see a frost giant, a rakshasa, a glowing orange brain, a deep troll, a
deep troll earth mage and a floating eye (charged).

Vanquished Creatures
  3 caustic shrikes (Depths:2)
  Saint Roka (Snake:4)
  Nikola (Swamp:2)
  the Enchantress (Depths:2)
  Rupert (Lair:5)
  2 liches
  Asterion (Snake:2)
  The ghost of Fanosaon the Executioner, an adept MiMo of Gozag (Swamp:3)
  Kirke (Lair:6)
  19 nagarajas
  2 fire giants
  Roxanne (Swamp:1)
  A tengu reaver (Depths:1)
  A fenstrider witch (Swamp:4)
  Aizul (Snake:3)
  3 frost giants
  4 spriggan defenders (Depths:2)
  6 stone giants
  3 very ugly things (D:15)
  A ghoul (Swamp:3)
  A caustic shrike skeleton (Depths:2)
  Nessos (Lair:6)
  A vampire knight (Depths:1)
  5 bunyips
  3 dire elephants (Lair:6)
  6 ettins
  An eleionoma (Swamp:4)
  A shambling mangrove (Swamp:4)
  Josephine (Orc:1)
  4 fire dragons
  15 naga warriors
  A rakshasa (Depths:1)
  3 great orbs of eyes
  Fannar (D:10)
  3 ice dragons
  19 hydras
  2 salamander tyrants (Snake:4)
  Erica (D:10)
  5 boulder beetles
  A catoblepas (Lair:5)
  6 ogre magi
  2 ghost crabs
  2 spriggan air magi
  4 centaur warriors
  2 death knights (D:12)
  8 anacondas
  6 tengu warriors
  8 alligators
  38 two-headed ogres
  An orc high priest (Orc:2)
  3 deep troll shamans (Depths:1)
  2 deep troll earth magi
  14 death yaks
  2 vampire magi
  Urug (Lair:5)
  Nergalle (D:12)
  9 spriggans
  2 soul eaters (Depths:1)
  10 naga sharpshooters
  A spectral bunyip (Swamp:3)
  6 hell knights
  8 shock serpents
  3 salamander mystics
  2 spectral death yaks (Lair:6)
  2 iron trolls (Depths:1)
  A glowing orange brain (Depths:2)
  5 goliath frogs
  9 deep trolls
  A skeletal warrior (D:12)
  A spectral anaconda (Lair:6)
  A spriggan druid (Swamp:4)
  2 naga ritualists
  A spectral hydra (Swamp:3)
  12 swamp dragons
  2 flayed ghosts
  7 necromancers
  5 bog bodies
  A death drake (Swamp:1)
  3 orc knights
  An obsidian statue (Lair:6)
  4 lindwurms
  4 mana vipers
  A fenstrider witch simulacrum (Swamp:3)
  A wizard (D:14)
  26 ugly things
  An orc sorcerer (D:15)
  4 will-o-the-wisps
  7 manticores
  9 cyclopes
  A salamander (shapeshifter) (D:12)
  A frost giant zombie (Depths:2)
  23 elephants
  An ice statue (IceCv)
  2 rust devils (Depths:2)
  A water nymph (shapeshifter) (D:14)
  14 salamanders
  22 black mambas
  22 naga magi
  3 gargoyles
  9 guardian serpents
  An orange demon (Depths:2)
  11 cane toads
  6 freezing wraiths
  2 kobold demonologists
  2 rime drakes
  An anaconda simulacrum (IceCv)
  A tormentor (Depths:2)
  2 efreet
  10 komodo dragons
  2 entropy weaver simulacra (IceCv)
  6 tengu conjurers
  2 hellwings (Depths:2)
  A red devil (Depths:2)
  2 bloated husks
  The ghost of funkygono the Thaumaturge, a novice DEFE of Vehumet (D:6)
  13 ice devils
  A jumping spider (shapeshifter) (D:13)
  A polar bear (Lair:6)
  10 trolls
  5 hornets
  13 slime creatures
  Prince Ribbit (D:9)
  8 dream sheep (Lair:6)
  3 blink frogs (Lair:4)
  Grinder (D:3)
  6 tyrant leeches
  A slime creature (shapeshifter) (D:15)
  A sphinx simulacrum (Depths:2)
  3 water elementals (Depths:1)
  A shadow (D:11)
  2 dire elephant simulacra (IceCv)
  8 wraiths
  3 hogs (Lair:6)
  A vampire (D:12)
  33 yaks
  13 vampire mosquitoes
  2 wyverns
  5 death yak simulacra (IceCv)
  A steam dragon (D:10)
  2 basilisks
  49 nagas
  A neqoxec (Depths:2)
  4 wargs
  A harpy simulacrum (IceCv)
  A two-headed ogre zombie (D:14)
  15 water moccasins
  15 swamp worms
  3 acid dragons
  3 swamp drakes (Swamp:4)
  An ice beast (D:8)
  2 sky beasts
  An elephant zombie (Lair:6)
  28 orc warriors
  A black bear (D:7)
  2 necrophages (Swamp:3)
  26 wolves
  4 boggarts (D:14)
  37 ogres
  9 centaurs
  5 kobold brigands
  15 bullfrogs
  2 gnoll sergeants
  A scorpion (D:6)
  A two-headed ogre simulacrum (IceCv)
  7 cane toad simulacra (IceCv)
  A hornet simulacrum (D:15)
  2 wyvern skeletons
  4 elephant simulacra
  9 killer bees
  8 wights
  An electric eel (D:14)
  8 centaur zombies
  2 howler monkeys
  2 hounds
  2 jellies
  19 orc priests
  A bullfrog skeleton (D:5)
  A gnoll shaman (D:10)
  3 iguanas
  16 orc wizards
  2 polar bear simulacra (IceCv)
  A killer bee zombie (D:9)
  2 spriggan simulacra (IceCv)
  A troll simulacrum (IceCv)
  3 wolf simulacra (IceCv)
  3 howler monkey zombies
  14 gnolls
  4 adders
  2 shadow imps (D:6)
  3 white imps
  An ufetubus (IceCv)
  4 dart slugs
  118 orcs
  4 ball pythons
  3 bats (D:3)
  8 endoplasms
  2 giant cockroaches
  4 goblins
  6 hobgoblins
  26 kobolds
  3 quokkas
  3 frilled lizards
  4 rats
1202 creatures vanquished.

Vanquished Creatures (others)
  2 bloated husks
  3 vampire mosquitoes
  A naga (Snake:4)
  An orc warrior (Snake:4)
  A boggart (D:14)
  2 orcs (Snake:4)
  53 bushes (Depths:2)
  11 foxfires
  33 fungi
  60 plants
  16 withered plants (Lair:6)
183 creatures vanquished.

Grand Total: 1385 creatures vanquished

Notes
Turn   | Place    | Note
-------+----------+-------------------------------------------
     0 | D:1      | wakim the Troll Monk began the quest for the Orb.
     0 | D:1      | Reached XP level 1. HP: 22/22 MP: 0/0
   155 | D:1      | Reached XP level 2. HP: 29/29 MP: 1/1
   281 | D:1      | Reached XP level 3. HP: 31/36 MP: 2/2
   402 | D:1      | Found a faded altar of an unknown god.
  1039 | D:3      | Reached skill level 4 in Unarmed Combat
  1040 | D:3      | Found Fuibbyaf's Book Shoppe.
  1062 | D:3      | Found Zin's Purification Station.
  1071 | D:3      | Found a glowing silver altar of Zin.
  1115 | D:3      | Reached XP level 4. HP: 44/44 MP: 3/3
  1351 | D:3      | Noticed Grinder
  1602 | D:4      | Noticed an ogre
  1617 | D:4      | Killed an ogre
  1618 | D:4      | Reached skill level 1 in Throwing
  1618 | D:4      | Reached XP level 5. HP: 50/53 MP: 4/4
  1849 | D:4      | Noticed an ogre
  1863 | D:4      | Killed an ogre
  1864 | D:4      | Reached skill level 5 in Unarmed Combat
  1864 | D:4      | Reached XP level 6. HP: 61/61 MP: 5/5
  2408 | D:5      | Entered Level 5 of the Dungeon
  3015 | D:5      | Found a bloodstained altar of Trog.
  3120 | D:5      | Reached XP level 7. HP: 31/68 MP: 6/6
  3471 | D:6      | Noticed funkygono's ghost (novice DEFE)
  3511 | D:6      | Reached skill level 6 in Unarmed Combat
  3659 | D:6      | Found a staircase to the Ecumenical Temple.
  3677 | Temple   | Entered the Ecumenical Temple
  3767 | Temple   | Became a worshipper of Gozag Ym Sagoz the Greedy
  3823 | D:6      | Found a hide-covered altar of Uskayaw.
  3823 | D:6      | Found a sparkling altar of Nemelex Xobeh.
  4059 | D:6      | Reached XP level 8. HP: 64/78 MP: 7/7
  4476 | D:6      | Found a runed translucent door.
  4694 | D:6      | Reached skill level 7 in Unarmed Combat
  5372 | D:7      | Found a runed translucent door.
  5491 | D:7      | Reached skill level 8 in Unarmed Combat
  6109 | D:8      | Reached skill level 5 in Dodging
  6109 | D:8      | Reached skill level 1 in Shields
  6150 | D:8      | Reached XP level 9. HP: 87/87 MP: 8/8
  6183 | D:8      | Reached skill level 5 in Fighting
  7714 | D:9      | Reached skill level 9 in Unarmed Combat
  7720 | D:9      | Reached skill level 5 in Throwing
  7738 | D:9      | Noticed a seven-headed hydra
  7766 | D:9      | Noticed Prince Ribbit
  7779 | D:9      | Killed Prince Ribbit
  8663 | D:9      | Reached XP level 10. HP: 91/98 MP: 9/9
  8934 | D:10     | Entered Level 10 of the Dungeon
  8952 | D:10     | Found a portal to a secret trove of treasure.
  9217 | D:10     | Noticed Fannar
  9306 | D:10     | Noticed Erica
  9394 | D:10     | Killed Erica
  9743 | D:10     | Reached skill level 10 in Unarmed Combat
 10210 | D:3      | Killed Grinder
 10319 | D:6      | Killed funkygono's ghost
 10724 | D:10     | Killed Fannar
 11042 | D:11     | Found a staircase to the Orcish Mines.
 11076 | D:11     | Got the Catalogue of Confrontation and Snow
 11239 | D:11     | Reached XP level 11. HP: 106/107 MP: 10/10
 11293 | D:11     | Reached skill level 11 in Unarmed Combat
 11373 | D:11     | Noticed a two-headed ogre
 11399 | D:11     | Killed a two-headed ogre
 11498 | D:11     | Found a staircase to the Lair.
 11552 | Lair:1   | Entered Level 1 of the Lair of Beasts
 11769 | Lair:1   | Found an ornate altar of the Wu Jian Council.
 11769 | Lair:1   | Noticed a boulder beetle
 11789 | Lair:1   | Killed a boulder beetle
 11846 | Lair:1   | Noticed a four-headed hydra
 11854 | Lair:1   | Killed a five-headed hydra
 11889 | Lair:1   | Found a hide-covered altar of Uskayaw.
 12227 | Lair:1   | Noticed a five-headed hydra
 12233 | Lair:1   | Killed a five-headed hydra
 12234 | Lair:1   | Reached skill level 5 in Shields
 12652 | Lair:1   | Reached skill level 12 in Unarmed Combat
 12910 | Lair:2   | Found a staircase to the Swamp.
 12930 | Lair:2   | Found a shimmering blue altar of Sif Muna.
 12945 | Lair:2   | You fall into a shaft and drop 1 floor!
 13214 | Lair:2   | Reached XP level 12. HP: 85/118 MP: 11/11
 13272 | Lair:2   | Noticed a six-headed hydra
 14104 | Lair:3   | Noticed a death yak
 14104 | Lair:3   | Noticed a death yak
 14104 | Lair:3   | Noticed a death yak
 14104 | Lair:3   | Noticed a death yak
 14104 | Lair:3   | Noticed a death yak
 14106 | Lair:3   | Noticed a death yak
 14343 | Lair:1   | Killed a death yak
 14474 | Lair:1   | Killed a death yak
 14540 | Lair:1   | Killed a death yak
 14764 | Lair:3   | Reached skill level 13 in Unarmed Combat
 14866 | Lair:3   | Noticed a five-headed hydra
 14905 | Lair:2   | Killed a death yak
 14956 | Lair:2   | Killed a death yak
 15065 | Lair:3   | Killed a death yak
 16019 | Lair:3   | Killed a nine-headed hydra
 16455 | Lair:4   | Noticed a five-headed hydra
 16733 | Lair:4   | Found a staircase to the Snake Pit.
 17064 | Lair:4   | Reached XP level 13. HP: 106/127 MP: 12/12
 18192 | Lair:5   | Reached skill level 14 in Unarmed Combat
 18417 | Lair:5   | Noticed Urug
 18417 | Lair:5   | Noticed Rupert
 18433 | Lair:5   | Killed Urug
 18433 | Lair:5   | Paralysed by Rupert for 4 turns
 19278 | Lair:5   | Paralysed by Rupert for 3 turns
 19286 | Lair:5   | Killed Rupert
 19894 | Lair:6   | Entered Level 6 of the Lair of Beasts
 20259 | Orc:1    | Entered Level 1 of the Orcish Mines
 21035 | Orc:1    | Noticed an ettin
 21085 | Orc:1    | Killed an ettin
 21370 | Orc:2    | Entered Level 2 of the Orcish Mines
 21829 | Orc:2    | Reached skill level 15 in Unarmed Combat
 21829 | Orc:2    | Reached XP level 14. HP: 140/140 MP: 13/13
 22101 | Orc:2    | Noticed Josephine
 22121 | Orc:1    | Killed Josephine
 22716 | Orc:2    | Reached skill level 10 in Throwing
 22812 | Orc:2    | Found Pexzenn's Book Shop.
 22812 | Orc:2    | Found Zab Ikeff's Antique Weapon Shoppe.
 22813 | Orc:2    | Found Xoutuys's Weapon Emporium.
 22813 | Orc:2    | Found Dicueqog's Assorted Antiques.
 22947 | Orc:2    | Bought a potion of resistance for 210 gold pieces
 22947 | Orc:2    | Bought a sedimented ruby potion for 18 gold pieces
 22947 | Orc:2    | Bought a large emerald amulet for 105 gold pieces
 22947 | Orc:2    | Bought a scroll labelled XIREVEFAAM for 21 gold pieces
 22964 | Orc:2    | Found a staircase to the Elven Halls.
 24455 | Lair:4   | Reached skill level 16 in Unarmed Combat
 24748 | Lair:6   | Noticed Nessos
 24762 | Lair:6   | Killed Nessos
 25278 | Lair:6   | Reached skill level 10 in Fighting
 25344 | Lair:6   | Found a viscous altar of Jiyva.
 25348 | Lair:6   | Found a staircase to the Slime Pits.
 25349 | Lair:6   | Noticed Kirke
 25403 | Lair:6   | Killed Kirke
 25589 | Lair:6   | Found the +3 pair of seven-league boots {Rampage+∞}
 25794 | Lair:6   | Reached XP level 15. HP: 149/149 MP: 14/14
 26056 | Lair:6   | Identified the +4 halberd of Undoing {protect, rN+ Int+5
                  | Dex+3}
 26635 | D:12     | Reached skill level 17 in Unarmed Combat
 26801 | D:12     | Found a frozen archway.
 26810 | IceCv    | Entered an ice cave
 27099 | IceCv    | Identified the +0 ice dragon scales "Ryirarcha" {rF- rC++
                  | Dex+2}
 27130 | IceCv    | Found an ancient bone altar of Kikubaaqudgha.
 27472 | IceCv    | Reached skill level 1 in Armour
 27651 | IceCv    | Identified the +0 pair of gloves of Riviel {rF- Dex+7}
 27910 | D:12     | Bought a ring of protection from cold for 475 gold pieces
 27910 | D:12     | Bought the ring of the Mage {Wiz Will++ Int+3} for 982 gold
                  | pieces
 27910 | D:12     | Bought the amulet "Wacyemoytu" {Regen+ Str+2 Int+4} for 942
                  | gold pieces
 27910 | D:12     | Found the ring of the Mage {Wiz Will++ Int+3}
 28062 | D:12     | Noticed Nergalle
 28071 | D:12     | Killed Nergalle
 29114 | D:12     | Reached skill level 18 in Unarmed Combat
 29238 | D:13     | Found a stormy altar of Qazlal.
 29255 | D:13     | Reached XP level 16. HP: 162/162 MP: 15/15
 30620 | D:14     | Identified the +0 cloak of Goibbuj {rCorr}
 30871 | D:14     | Found a gate to the Vaults.
 30962 | D:15     | Entered Level 15 of the Dungeon
 31044 | D:15     | Found a radiant altar of Vehumet.
 32195 | D:15     | Found a staircase to the Depths.
 32394 | Swamp:1  | Entered Level 1 of the Swamp
 32394 | Swamp:1  | Noticed Roxanne
 32408 | Swamp:1  | Killed Roxanne
 32426 | Lair:2   | Bought a potion of invisibility for 136 gold pieces
 32426 | Lair:2   | Bought a potion of invisibility for 136 gold pieces
 32426 | Lair:2   | Bought a potion of heal wounds for 85 gold pieces
 32426 | Lair:2   | Bought 2 potions of haste for 340 gold pieces
 32426 | Lair:2   | Bought a potion of curing for 51 gold pieces
 32429 | Lair:2   | Bought a scroll of teleportation for 60 gold pieces
 32675 | Swamp:1  | Reached skill level 5 in Armour
 33356 | Swamp:2  | Noticed Nikola
 33385 | Swamp:2  | Killed Nikola
 33927 | Swamp:3  | Found a transporter.
 33971 | Swamp:3  | Noticed Fanosaon's ghost (adept MiMo)
 34002 | Swamp:3  | Reached skill level 19 in Unarmed Combat
 34002 | Swamp:3  | Reached XP level 17. HP: 146/172 MP: 16/16
 34069 | Swamp:3  | Found a transporter.
 34453 | Swamp:4  | Entered Level 4 of the Swamp
 34614 | Snake:1  | Entered Level 1 of the Snake Pit
 34637 | Snake:1  | Found a sparkling altar of Nemelex Xobeh.
 35969 | Snake:2  | Noticed Asterion
 35998 | Snake:2  | Killed Asterion
 36178 | Snake:2  | Found Koamets's Armour Shoppe.
 36185 | Snake:2  | Found Petor's Magic Scroll Shoppe.
 36185 | Snake:2  | Found Dynnurr's Antique Weapon Shoppe.
 36186 | Snake:2  | Found Pauneocw's General Store.
 36226 | Snake:2  | Bought a scroll of blinking for 157 gold pieces
 36226 | Snake:2  | Bought a scroll of fear for 73 gold pieces
 36268 | Snake:2  | Bought a +1 kite shield of protection for 231 gold pieces
 38000 | Snake:3  | Found a burning altar of Makhleb.
 38107 | Snake:3  | Found a runed translucent gate.
 38108 | Snake:3  | Found a runed translucent gate.
 38111 | Snake:3  | Found a runed translucent gate.
 38114 | Snake:3  | Noticed Zibatyor's ghost (journeyman MiFi)
 38654 | Snake:4  | Entered Level 4 of the Snake Pit
 38879 | Snake:4  | Found Gimisk's Armour Emporium.
 38941 | Snake:4  | Found Mipsal's Distillery.
 39245 | Snake:4  | Noticed Saint Roka
 39349 | Snake:4  | Noticed Aizul
 39609 | Snake:3  | Killed Aizul
 39779 | Snake:3  | Reached XP level 18. HP: 113/184 MP: 17/17
 40045 | Snake:4  | Reached skill level 15 in Throwing
 40113 | Snake:4  | Found Vyaghonu's Jewellery Boutique.
 40198 | Snake:4  | Found Eso Olai's Distillery.
 40436 | Snake:4  | Killed Saint Roka
 40637 | Snake:4  | Found Roam's Magic Scroll Boutique.
 40640 | Snake:4  | Bought a scroll of blinking for 112 gold pieces
 40640 | Snake:4  | Bought a scroll of blinking for 112 gold pieces
 40640 | Snake:4  | Bought a scroll of acquirement for 780 gold pieces
 40640 | Snake:4  | Bought a scroll of acquirement for 780 gold pieces
 40642 | Snake:4  | Acquired 588 gold pieces
 40644 | Snake:4  | Acquired a manual of Armour
 41245 | Snake:4  | Got a serpentine rune of Zot
 41764 | Swamp:3  | Reached skill level 1 in Evocations
 41967 | Swamp:4  | Reached skill level 20 in Unarmed Combat
 42590 | Swamp:4  | Got a decaying rune of Zot
 42824 | Depths:1 | Entered Level 1 of the Depths
 43212 | D:15     | Reached XP level 19. HP: 173/195 MP: 18/18
 43942 | Swamp:3  | Killed Fanosaon's ghost
 44307 | Depths:1 | Reached skill level 10 in Armour
 44472 | Depths:1 | Found a snail-covered altar of Cheibriados.
 44490 | Depths:1 | Found a broken altar of Ashenzari.
 45141 | Depths:1 | Found a gateway to Hell.
 45351 | Depths:2 | Noticed the Enchantress
 46039 | Depths:2 | Identified the +7 morningstar "Teelaul" {speed, rPois rN+
                  | rCorr Str+4}
 46072 | Depths:2 | Noticed a caustic shrike
 46072 | Depths:2 | Noticed a caustic shrike
 46073 | Depths:2 | Noticed a caustic shrike
 46073 | Depths:2 | Noticed a caustic shrike
 46074 | Depths:2 | Noticed a caustic shrike
 46086 | Depths:2 | Killed a caustic shrike
 46097 | Depths:2 | Noticed a caustic shrike
 46178 | Depths:2 | Reached skill level 5 in Evocations
 46198 | Depths:2 | Found a one-way gate leading to the halls of Pandemonium.
 46299 | Depths:2 | Killed the Enchantress
 46427 | Depths:2 | Killed a caustic shrike
 46433 | Depths:2 | Killed a caustic shrike
 46485 | Depths:2 | Gained mutation: You tend to lose your temper in combat. [a
                  | neqoxec]
 46520 | Depths:2 | Paralysed by a floating eye for 2 turns
 46534 | Depths:2 | Paralysed by a floating eye for 4 turns
 46538 | Depths:2 | HP: 2/197 [frost giant/bolt of cold (10)]
 46538 | Depths:2 | Mangled by a deep troll

Illustrated notes

Levels and vault maps discovered:
D:1:      dpeg_arrival_water_temple_mockup, layout_rooms,
          basic_ecumenical_altar, nicolae_grassy_gnolls
D:2:      layout_rooms, chequers_serial_rivers_small_a
D:3:      layout_basic, zin_purify, serial_shops, nicolae_shop_advertising_works
          [nicolae_subvault_shop_adworks], uniq_grinder
D:4:      layout_basic, serial_bayou_crossing
D:5:      layout_loops_ring, trog_book, serial_rivers,
          chequers_serial_rivers_small_3, chequers_serial_rivers_large_b,
          chequers_serial_rivers_large_a, chequers_serial_rivers_room_a
D:6:      layout_loops_ring, jmf_multi_god_temple,
          minmay_temple_entry_sparse_star, hellmonk_ghost_happy_afterlife,
          grunt_ministairs_13, st_stairs_1
D:7:      layout_layer_cave, lightli_church_of_beogh
D:8:      layout_cave_pools
D:9:      layout_loops_ring, special_room [special_room_orc],
          uniq_prince_ribbit1
D:10:     layout_gridville, enter_trove_2, small_statue_alley_a, uniq_erica,
          uniq_fannar
D:11:     layout_basic, lair_entry_dummy, orc_0_dummy
D:12:     nzn_winding_woodlands_stair_cross
          [nzn_winding_woodlands_5x15_longhouse,
          nzn_winding_woodlands_center_pierced_h,
          nzn_winding_woodlands_5x15_parted,
          nzn_winding_woodlands_5x5_checkerboard,
          nzn_winding_woodlands_5x5_closed_star, nzn_winding_woodlands_5x15_eye,
          nzn_winding_woodlands_center_garden, nzn_winding_woodlands_5x15_pool],
          layout_rooms, portal_ice_cave_entry_pillars_1, corexii_hall_statues_s,
          nicolae_two_hexagons, uniq_nergalle
D:13:     layout_basic, nicolae_qazlal_style_of_elements
D:14:     lemuel_ogre_cave, layout_loops_ring, david_vaults_4,
          chequers_arboretum, nicolae_concentric_dashed_squares_wild
D:15:     gammafunk_enter_depths_forms, layout_irregular_city,
          fungi_pond_lemuel, nicolae_vehumet_radiance
Temple:   compressed_dpeg_circular_temple
Lair:1:   layout_cellular_growth, nzn_masters_of_martial_movement,
          lemuel_fruit_tree, serial_bayou_shore_b
Lair:2:   layout_regular_city, minmay_swamp_entry_worms, basic_altar,
          grunt_megastairs_3
Lair:3:   layout_layer_cave
Lair:4:   layout_cave_pods, guppyfry_snake_entry_island, serial_bayou_shore_b,
          grunt_megastairs_5
Lair:5:   layout_regular_city, beast_lair_carwin_9, infiniplex_staircase_pool_2,
          uniq_urug, uniq_rupert
Lair:6:   due_jungle_book, layout_small_grid, slime_altar_1, minivault_24,
          hellmonk_guarded_unrand_seven_league_boots, uniq_kirke, uniq_nessos
Swamp:1:  layout_basic_swamp, evilmike_swamp_ruin_rubble_1, swamp_pool1,
          nicolae_swamp_orc_logging_accident, uniq_roxanne
Swamp:2:  layout_falls_marsh, nicolae_swamp_treefoil, uniq_nikola
Swamp:3:  layout_basic_swamp, gammafunk_ghost_mausoleum,
          evilmike_swamp_ruin_rubble_2, infiniplex_staircase_pool
Swamp:4:  swamp_alternative, layout_basic_swamp
Snake:1:  layout_misc_corridors, basic_altar, nicolae_snake_squiggles
Snake:2:  layout_layer_cave, minmay_shop_grid_forest, uniq_asterion
Snake:3:  layout_grid_maze, gammafunk_ghost_necromancy, basic_altar,
          evilmike_ambush [evilmike_ambush_outer_basic,
          evilmike_ambush_inner_basic]
Snake:4:  grunt_snake_rune_spirals, layout_onion, serial_shops,
          nicolae_shop_behind_doors, nicolae_shop_waterfront, shop, shop, shop,
          grunt_ministairs_1, uniq_saint_roka, uniq_aizul
Orc:1:    layout_diamond_mine, mines2_lemuel
Orc:2:    st_orc_ogre_mass, layout_caves, nicolae_orc_damp_corner,
          uniq_josephine
Depths:1: layout_basic, hellmouth_1, ashenzari_altar_1, st_stairs_13,
          kennysheep_slug_shrine, serial_bayou_shore_b, grunt_megastairs_1,
          serial_bayou_shore_a
Depths:2: grunt_arcs, layout_twisted_cross, grunt_pan_entry_sceptre,
          minmay_hedge_maze, hell_entry, uniq_enchantress

Skill      XL: |  1  2  3  4  5  6  7  8  9 10 11 12 13 14 15 16 17 18 19 |
---------------+----------------------------------------------------------+-----
Unarmed Combat | 4 5 6 8 9 10 12 13 15 16 18 19 20 | 20.9
Dodging        | 3 4 5 6 7 8 9 |  9.0
Fighting       | 3 4 5 6 7 8 9 10 11 12 13 14 | 14.3
Throwing       | 1 2 3 4 5 6 7 8 9 10 11 13 14 16 | 16.0
Shields        | 1 3 4 5 6 7 8 9 |  9.0
Armour         | 3 5 7 9 11 | 11.8
Evocations     | 3 5 |  5.3
Stealth        | |  1.0

Action                   |  1- 3 |  4- 6 |  7- 9 | 10-12 | 13-15 | 16-18 | 19-21 || total
-------------------------+-------+-------+-------+-------+-------+-------+-------++-------
Melee: Unarmed           |    97 |    94 |   469 |   464 |  1279 |  1689 |   557 ||  4649
       Punch             |       |     1 |    19 |    32 |       |       |       ||    52
Throw: Dart              |       |    14 |    15 |   135 |   163 |     8 |       ||   335
       Boomerang         |       |       |     5 |    57 |    27 |   156 |       ||   245
       Large rock        |       |       |       |     5 |     3 |    57 |    18 ||    83
       Javelin           |       |       |       |       |    13 |     6 |       ||    19
       Stone             |       |       |       |       |   153 |       |       ||   153
Invok: Potion Petition   |       |       |       |     2 |       |     2 |     2 ||     6
       Call Merchant     |       |       |       |     1 |     1 |     2 |       ||     4
Evoke: Wand              |       |       |       |     4 |     2 |       |       ||     6
       Condenser vane    |       |       |       |     1 |       |       |       ||     1
       Box of beasts     |       |       |       |     1 |       |       |       ||     1
  Use: Scroll            |       |     4 |     4 |     7 |     6 |    13 |     1 ||    35
       Potion            |       |       |     3 |     4 |       |     2 |     1 ||    10
 Stab: Sleeping          |     3 |     3 |     3 |     2 |     1 |       |       ||    12
       Distracted        |       |       |     2 |     1 |    19 |    13 |     3 ||    38
       Invisible         |       |       |       |     2 |       |       |       ||     2
       Petrified         |       |       |       |       |     2 |       |       ||     2
       Petrifying        |       |       |       |       |     1 |       |       ||     1
       Paralysed         |       |       |       |       |     2 |       |       ||     2
Armor: Robe              |    17 |    27 |   100 |   126 |   135 |       |       ||   405
       Skin              |       |       |     2 |       |       |       |       ||     2
       Ice dragon scales |       |       |       |       |    67 |   477 |   178 ||   722
Dodge: Dodged            |    28 |    51 |   314 |   427 |   519 |   638 |   141 ||  2118
Block: Kite shield       |       |       |       |    70 |   553 |   834 |   203 ||  1660

Table legend: (Time is in decaauts)
 A = Elapsed time spent in this place.
 B = Non-inter-level travel time spent in this place.
 C = Inter-level travel time spent in this place.
 D = Time resting spent in this place.
 E = Time spent auto-exploring this place.
 F = Levels seen in this place.
 G = Mean time per level.
                   A        B        C        D        E       F      G
               +--------+--------+--------+--------+--------+-----+--------+
         Total |  45582 |  39883 |   5699 |   1999 |  25531 |  35 | 1302.3 |
       Dungeon |  16944 |  14881 |   2063 |    681 |  10179 |  15 | 1129.6 |
        Temple |    114 |     91 |     23 |      0 |     66 |   1 |  114.0 |
          Lair |  11463 |   9214 |   2249 |    242 |   6172 |   6 | 1910.5 |
         Swamp |   3914 |   3410 |    504 |    105 |   2154 |   4 |  978.5 |
     Snake Pit |   6492 |   5961 |    531 |    441 |   3753 |   4 | 1623.0 |
  Orcish Mines |   3268 |   3005 |    263 |    217 |   1636 |   2 | 1634.0 |
        Depths |   2342 |   2279 |     63 |    311 |    989 |   2 | 1171.0 |
      Ice Cave |   1042 |   1042 |      0 |      0 |    580 |   1 | 1042.0 |
               +--------+--------+--------+--------+--------+-----+--------+

Top non-repeatable levels by time:
  Lair:2: 2092 daAuts
 Snake:3: 2075 daAuts
  Lair:3: 2026 daAuts
  Lair:1: 2008 daAuts
  Lair:6: 1923 daAuts
 Snake:4: 1916 daAuts
     D:7: 1834 daAuts
  Lair:4: 1810 daAuts
   Orc:2: 1637 daAuts
   Orc:1: 1631 daAuts
  Lair:5: 1602 daAuts
    D:15: 1577 daAuts
 Snake:2: 1546 daAuts
    D:12: 1450 daAuts
Depths:1: 1380 daAuts
